NCAA
WAKE FOREST DEMON DEACONS @ CALIFORNIA GOLDEN BEARS
05/23/2030
 
TOP OF THE 1ST
Wake Forest Demon Deacons batting - Pitching for California Golden Bears : LHP Fernando Muńóz
Pitching: LHP Fernando Muńóz
Batting: RHB Tyler Robinson 0-0: Swinging Strike
0-1: Ball
1-1: Foul Ball, location: 2F
1-2: Foul Ball, location: 2F
1-2: Fly out, F7 (Line Drive, 7D)
Batting: RHB Jack Hogan 0-0: Ball
1-0: Swinging Strike
1-1: Ball
2-1: Foul Ball, location: 2F
2-2: Ground out 4-3 (Groundball, 4)
Batting: RHB William Allen 0-0: Ball
1-0: Ball
2-0: Ball
3-0: Foul Ball, location: 2F
3-1: Base on Balls
Batting: LHB Don Harris 0-0: SINGLE (Line Drive, 6M)
William Allen to second
Batting: RHB Mike Pope 0-0: Foul Ball, location: 2F
0-1: 3-RUN HOME RUN (Line Drive, 78XD), Distance : 367 ft
Batting: RHB Tim Workman 0-0: Ball
1-0: SINGLE (Line Drive, 9LS)
Batting: RHB Rob Miller 0-0: Ball
1-0: Foul Ball, location: 2F
1-1: Ball
2-1: Foul Ball, location: 2F
2-2: Ground out 5-3 (Groundball, 56S)
Top of the 1st over - 3 runs, 3 hits, 0 errors, 1 left on base; Wake Forest 3 - California 0
BOTTOM OF THE 1ST
California Golden Bears batting - Pitching for Wake Forest Demon Deacons : RHP Javier Bernard
Pitching: RHP Javier Bernard
Batting: RHB Ricardo Flores 0-0: Called Strike
0-1: Fly out, F9 (Flyball, 9LM)
Batting: RHB Sergio González 0-0: DOUBLE (Flyball, 8LXD)
Batting: LHB Kevin Carter 0-0: Ball
1-0: Called Strike
1-1: Ball
2-1: Swinging Strike
2-2: Foul Ball, location: 2F
2-2: Strikes out looking
Batting: RHB Greg Brown 0-0: Called Strike
0-1: Swinging Strike
0-2: Hit by Pitch
Batting: SHB John Allen 0-0: Ball
1-0: Ball
2-0: Called Strike
2-1: Foul Ball, location: 2F
2-2: Strikes out swinging
Bottom of the 1st over - 0 runs, 1 hit, 0 errors, 2 left on base; Wake Forest 3 - California 0
TOP OF THE 2ND
Wake Forest Demon Deacons batting - Pitching for California Golden Bears : LHP Fernando Muńóz
Batting: RHB Doug Dunlap 0-0: SINGLE (Groundball, 6MD)
Batting: RHB William Hudson 0-0: Ball
1-0: Swinging Strike
1-1: SINGLE (Groundball, 6D)
Doug Dunlap to second
Batting: RHB Tyler Robinson 0-0: Ball
1-0: Ball
2-0: Called Strike
2-1: Foul Ball, location: 2F
2-2: Foul Ball, location: 2F
2-2: Ball
3-2: Foul Ball, location: 2F
3-2: Base on Balls
Doug Dunlap to third
William Hudson to second
Batting: RHB Jack Hogan 0-0: Called Strike
0-1: Foul Ball, location: 2F
0-2: Ball
1-2: Ball
2-2: Ball
3-2: Strikes out swinging
Batting: RHB William Allen 0-0: Ball
1-0: Foul Ball, location: 2F
1-1: Ball
2-1: Foul Ball, location: 2F
2-2: Fly out, F8 (Flyball, 8RD)
Runner from 3rd tags up, SCORES, throw made
Batting: LHB Don Harris 0-0: Ball
1-0: Ball
2-0: Called Strike
2-1: Fly out, F8 (Flyball, 78D)
Top of the 2nd over - 1 run, 2 hits, 0 errors, 2 left on base; Wake Forest 4 - California 0
BOTTOM OF THE 2ND
California Golden Bears batting - Pitching for Wake Forest Demon Deacons : RHP Javier Bernard
Batting: RHB Cisco Villa 0-0: Foul Ball, location: 2F
0-1: Called Strike
0-2: Foul Ball, location: 2F
0-2: SINGLE (Line Drive, 56)
Batting: LHB Benny Marte 0-0: Ball
1-0: Fly out, F7 (Flyball, 78D)
Batting: LHB Otis Johnston 0-0: Fly out, F9 (Flyball, 9S)
Batting: RHB Clyde MacCodrum 0-0: Ball
1-0: Fly out, F8 (Flyball, 89M)
Bottom of the 2nd over - 0 runs, 1 hit, 0 errors, 1 left on base; Wake Forest 4 - California 0
TOP OF THE 3RD
Wake Forest Demon Deacons batting - Pitching for California Golden Bears : LHP Fernando Muńóz
Batting: RHB Mike Pope 0-0: Ball
1-0: Foul Ball, location: 2F
1-1: Called Strike
1-2: Ball
2-2: Ball
3-2: Base on Balls
Batting: RHB Tim Workman 0-0: SINGLE (Flyball, 8RS)
Mike Pope to second
Batting: RHB Rob Miller 0-0: Ball
1-0: SINGLE (Groundball, 4MD)
Mike Pope to third
Tim Workman to second
Runner from 3rd tries for Home, SAFE, no throw
Batting: RHB Doug Dunlap 0-0: Swinging Strike
0-1: Ball
1-1: Swinging Strike
1-2: Ball
2-2: Ground out 5-3 (Groundball, 56S)
Tim Workman to third
Rob Miller to second
Batting: RHB William Hudson 0-0: Called Strike
0-1: Ball
1-1: Fly out, F7 (Flyball, 7)
Batting: RHB Tyler Robinson 0-0: Ground out 5-3 (Groundball, 56S)
Top of the 3rd over - 1 run, 2 hits, 0 errors, 2 left on base; Wake Forest 5 - California 0
BOTTOM OF THE 3RD
California Golden Bears batting - Pitching for Wake Forest Demon Deacons : RHP Javier Bernard
Batting: RHB Ricardo Flores 0-0: Ball
1-0: Called Strike
1-1: Swinging Strike
1-2: Ball
2-2: Foul Ball, location: 2F
2-2: Ball
3-2: Base on Balls
Batting: RHB Sergio González 0-0: Ball
1-0: Ball
2-0: Called Strike
2-1: Foul Ball, location: 2F
2-2: Foul Ball, location: 2F
2-2: Ball
3-2: Base on Balls
Ricardo Flores to second
Batting: LHB Kevin Carter 0-0: Foul Ball, location: 2F
0-1: Ball
1-1: Foul Ball, location: 2F
1-2: Grounds into double play, 5-4-3 (Groundball, 56)
Ricardo Flores to third
Batting: RHB Greg Brown 0-0: SINGLE (Line Drive, 6M)
Ricardo Flores scores
Batting: SHB John Allen 0-0: Ball
1-0: Ball
2-0: Called Strike
2-1: Foul Ball, location: 2F
2-2: Strikes out swinging
Bottom of the 3rd over - 1 run, 1 hit, 0 errors, 1 left on base; Wake Forest 5 - California 1
TOP OF THE 4TH
Wake Forest Demon Deacons batting - Pitching for California Golden Bears : LHP Fernando Muńóz
Batting: RHB Jack Hogan 0-0: Ball
1-0: Ball
2-0: Ball
3-0: Base on Balls
Batting: RHB William Allen 0-0: Called Strike
0-1: Swinging Strike
0-2: Foul Ball, location: 2F
0-2: Ball
1-2: Foul Ball, location: 2F
1-2: Foul Ball, location: 2F
1-2: Ball
2-2: Foul Ball, location: 2F
2-2: Ball
3-2: Foul Ball, location: 2F
3-2: Foul Ball, location: 2F
3-2: Strikes out looking
Pitching: LHP Steven Lyon
Batting: LHB Don Harris 0-0: Fly out, F9 (Flyball, 9)
Batting: RHB Mike Pope 0-0: Ball
1-0: Swinging Strike
1-1: Foul Ball, location: 2F
1-2: SINGLE (Line Drive, 78M)
Jack Hogan to second
Batting: RHB Tim Workman 0-0: Ball
1-0: Ball
2-0: Foul Ball, location: 2F
2-1: Ball
3-1: Base on Balls
Jack Hogan to third
Mike Pope to second
Batting: RHB Rob Miller 0-0: Ball
1-0: Ball
2-0: Ball
3-0: Base on Balls
Jack Hogan scores
Mike Pope to third
Tim Workman to second
Batting: RHB Doug Dunlap 0-0: Ball
1-0: Foul Ball, location: 2F
1-1: Ball
2-1: Called Strike
2-2: Foul Ball, location: 2F
2-2: Strikes out swinging
Top of the 4th over - 1 run, 1 hit, 0 errors, 3 left on base; Wake Forest 6 - California 1
BOTTOM OF THE 4TH
California Golden Bears batting - Pitching for Wake Forest Demon Deacons : RHP Javier Bernard
Batting: RHB Cisco Villa 0-0: Ground out 6-3 (Groundball, 6)
Batting: LHB Benny Marte 0-0: Called Strike
0-1: Swinging Strike
0-2: Foul Ball, location: 2F
0-2: Ball
1-2: Ball
2-2: Strikes out swinging
Batting: LHB Otis Johnston 0-0: Ball
1-0: Ball
2-0: Called Strike
2-1: Ball
3-1: Base on Balls
Batting: RHB Clyde MacCodrum 0-0: Called Strike
0-1: Ball
1-1: Foul Ball, location: 2F
1-2: Strikes out swinging
Bottom of the 4th over - 0 runs, 0 hits, 0 errors, 1 left on base; Wake Forest 6 - California 1
TOP OF THE 5TH
Wake Forest Demon Deacons batting - Pitching for California Golden Bears : LHP Steven Lyon
Batting: RHB William Hudson 0-0: Swinging Strike
0-1: Swinging Strike
0-2: Strikes out swinging
Batting: RHB Tyler Robinson 0-0: Ball
1-0: Fly out, F6 (Line Drive, 6)
Batting: RHB Jack Hogan 0-0: Ground out 6-3 (Groundball, 6)
Top of the 5th over - 0 runs, 0 hits, 0 errors, 0 left on base; Wake Forest 6 - California 1
BOTTOM OF THE 5TH
California Golden Bears batting - Pitching for Wake Forest Demon Deacons : RHP Javier Bernard
Batting: RHB Ricardo Flores 0-0: Ball
1-0: Called Strike
1-1: Ball
2-1: Foul Ball, location: 2F
2-2: SINGLE (Line Drive, 78S)
Batting: RHB Sergio González 0-0: Called Strike
0-1: Ball
1-1: Ball
2-1: Called Strike
2-2: Ball
3-2: Ground out U3 (Groundball, 34S)
Ricardo Flores to second
Batting: LHB Kevin Carter 0-0: Ball
1-0: Foul Ball, location: 2F
1-1: SINGLE (Line Drive, 6)
Ricardo Flores to third
Runner from 3rd tries for Home, throw and OUT!
Pitching: RHP Wade Sweeny
Batting: RHB Greg Brown 0-0: Ball
1-0: Foul Ball, location: 2F
1-1: Ball
2-1: Foul Ball, location: 2F
2-2: Fly out, F7 (Flyball, 7LS)
Bottom of the 5th over - 0 runs, 2 hits, 0 errors, 1 left on base; Wake Forest 6 - California 1
TOP OF THE 6TH
Wake Forest Demon Deacons batting - Pitching for California Golden Bears : LHP Steven Lyon
Batting: RHB William Allen 0-0: Swinging Strike
0-1: Ball
1-1: Foul Ball, location: 2F
1-2: SINGLE (Flyball, 78M)
Batting: LHB Don Harris 0-0: Foul Ball, location: 2F
0-1: Ball
1-1: Called Strike
1-2: Ball
2-2: TRIPLE (Flyball, 78XD)
William Allen scores
Batting: RHB Mike Pope 0-0: Foul Ball, location: 2F
0-1: Called Strike
0-2: Strikes out swinging
Batting: RHB Tim Workman 0-0: Swinging Strike
0-1: Ball
1-1: Called Strike
1-2: Ball
2-2: Strikes out swinging
Batting: RHB Rob Miller 0-0: Swinging Strike
0-1: Swinging Strike
0-2: Strikes out swinging
Top of the 6th over - 1 run, 2 hits, 0 errors, 1 left on base; Wake Forest 7 - California 1
BOTTOM OF THE 6TH
California Golden Bears batting - Pitching for Wake Forest Demon Deacons : RHP Wade Sweeny
Batting: SHB John Allen 0-0: Foul Ball, location: 2F
0-1: Ball
1-1: Called Strike
1-2: Ball
2-2: Fly out, F9 (Flyball, 89M)
Batting: RHB Cisco Villa 0-0: Ball
1-0: Called Strike
1-1: Ground out 5-3 (Groundball, 56)
Batting: LHB Benny Marte 0-0: Called Strike
0-1: Called Strike
0-2: Ball
1-2: Strikes out swinging
Bottom of the 6th over - 0 runs, 0 hits, 0 errors, 0 left on base; Wake Forest 7 - California 1
TOP OF THE 7TH
Wake Forest Demon Deacons batting - Pitching for California Golden Bears : LHP Steven Lyon
Batting: RHB Doug Dunlap 0-0: SOLO HOME RUN (Flyball, 78XD), Distance : 362 ft
Batting: RHB William Hudson 0-0: Ball
1-0: Swinging Strike
1-1: Foul Ball, location: 2F
1-2: Foul Ball, location: 2F
1-2: Foul Ball, location: 2F
1-2: Strikes out swinging
Batting: RHB Tyler Robinson 0-0: Called Strike
0-1: SOLO HOME RUN (Flyball, 7LD), Distance : 313 ft
Batting: RHB Jack Hogan 0-0: Ball
1-0: Ball
2-0: Foul Ball, location: 2F
2-1: Foul Ball, location: 2F
2-2: SOLO HOME RUN (Flyball, 7D), Distance : 362 ft
Batting: RHB William Allen 0-0: SINGLE (Flyball, 7LS)
Batting: LHB Don Harris 0-0: Ball
1-0: Called Strike
1-1: Foul Ball, location: 2F
1-2: Ball
2-2: Foul Ball, location: 2F
2-2: Ball
3-2: SINGLE (Line Drive, 89S)
William Allen to second
Batting: RHB Mike Pope 0-0: Ball
1-0: Foul Ball, location: 2F
1-1: Foul Ball, location: 2F
1-2: Strikes out swinging
Batting: RHB Tim Workman 0-0: Called Strike
0-1: Ball
1-1: Foul Ball, location: 2F
1-2: Ball
2-2: Ball
3-2: Foul Ball, location: 2F
3-2: Base on Balls
William Allen to third
Don Harris to second
Batting: RHB Rob Miller 0-0: Ball
1-0: Ground out 1-3 (Groundball, P)
Top of the 7th over - 3 runs, 5 hits, 0 errors, 3 left on base; Wake Forest 10 - California 1
BOTTOM OF THE 7TH
California Golden Bears batting - Pitching for Wake Forest Demon Deacons : RHP Wade Sweeny
Batting: LHB Otis Johnston 0-0: Called Strike
0-1: Ball
1-1: Ball
2-1: Ball
3-1: SINGLE (Flyball, 8RS)
Batting: RHB Clyde MacCodrum 0-0: Fly out, F8 (Flyball, 8LM)
Batting: RHB Ricardo Flores 0-0: Ball
1-0: Called Strike
1-1: Ball
2-1: Ball
3-1: Base on Balls
Otis Johnston to second
Batting: RHB Sergio González 0-0: Fly out, F9 (Flyball, 89D)
Runner from 2nd tags up, SAFE at 3rd, no throw
Batting: LHB Kevin Carter 0-0: Hit by Pitch
Ricardo Flores to second
Batting: RHB Greg Brown 0-0: Ground out 4-3 (Groundball, 4M)
Bottom of the 7th over - 0 runs, 1 hit, 0 errors, 3 left on base; Wake Forest 10 - California 1
TOP OF THE 8TH
Wake Forest Demon Deacons batting - Pitching for California Golden Bears : LHP Steven Lyon
Pitching: LHP Eddie Hickey
Batting: RHB Doug Dunlap 0-0: Called Strike
0-1: SINGLE (Flyball, 8RS)
Batting: RHB William Hudson 0-0: Ball
1-0: Called Strike
1-1: Foul Ball, location: 2F
1-2: Ball
2-2: Strikes out swinging
Batting: RHB Tyler Robinson 0-0: Called Strike
0-1: Swinging Strike
Doug Dunlap is caught stealing 2nd base
0-2: Ball
1-2: Ground out 6-3 (Groundball, 6)
Top of the 8th over - 0 runs, 1 hit, 0 errors, 0 left on base; Wake Forest 10 - California 1
BOTTOM OF THE 8TH
California Golden Bears batting - Pitching for Wake Forest Demon Deacons : RHP Wade Sweeny
Batting: SHB John Allen 0-0: Ball
1-0: Ground out 4-3 (Groundball, 34D)
Batting: RHB Cisco Villa 0-0: Fly out, F8 (Flyball, 8LM)
Batting: LHB Benny Marte 0-0: Ball
1-0: Ball
2-0: Ball
3-0: Called Strike
3-1: Base on Balls
Batting: LHB Otis Johnston 0-0: Ball
1-0: Fly out, F6 (Popup, 6MD)
Bottom of the 8th over - 0 runs, 0 hits, 0 errors, 1 left on base; Wake Forest 10 - California 1
TOP OF THE 9TH
Wake Forest Demon Deacons batting - Pitching for California Golden Bears : LHP Eddie Hickey
Batting: RHB Jack Hogan 0-0: Ball
1-0: Ball
2-0: Called Strike
2-1: Foul Ball, location: 2F
2-2: Ball
3-2: Fly out, F7 (Flyball, 7LMF)
Batting: RHB William Allen 0-0: Ball
1-0: Foul Ball, location: 2F
1-1: Ball
2-1: Fly out, F9 (Flyball, 9LM)
Batting: LHB Don Harris 0-0: Called Strike
0-1: Ball
1-1: Ball
2-1: Swinging Strike
2-2: SINGLE (Flyball, 7S)
Batting: RHB Mike Pope 0-0: Ball
1-0: Ball
2-0: Called Strike
2-1: Ball
3-1: Foul Ball, location: 2F
3-2: Foul Ball, location: 2F
3-2: Foul Ball, location: 2F
3-2: Base on Balls
Don Harris to second
Batting: RHB Tim Workman 0-0: Ball
1-0: Ball
2-0: Ball
3-0: Base on Balls
Don Harris to third
Mike Pope to second
Batting: RHB Rob Miller 0-0: Swinging Strike
0-1: Ball
1-1: Ball
2-1: Foul Ball, location: 2F
Balk!
Don Harris scores
Mike Pope to third
Tim Workman to second
2-2: Ball
Wild Pitch!
Mike Pope scores
Tim Workman to third
3-2: Strikes out looking
Top of the 9th over - 2 runs, 1 hit, 0 errors, 1 left on base; Wake Forest 12 - California 1
BOTTOM OF THE 9TH
California Golden Bears batting - Pitching for Wake Forest Demon Deacons : RHP Wade Sweeny
Batting: RHB Clyde MacCodrum 0-0: Foul Ball, location: 2F
0-1: Ball
1-1: Foul Ball, location: 2F
1-2: Foul Ball, location: 2F
1-2: Fly out, F4 (Popup, 23)
Batting: RHB Ricardo Flores 0-0: Ball
1-0: SINGLE (Groundball, 34D)
Batting: RHB Sergio González 0-0: Ball
1-0: Foul Ball, location: 2F
1-1: Swinging Strike
1-2: Fly out, F8 (Flyball, 8LS)
Pinch Hitting: RHB Gabriel Lucero 0-0: Called Strike
0-1: Swinging Strike
0-2: Strikes out looking
Bottom of the 9th over - 0 runs, 1 hit, 0 errors, 1 left on base; Wake Forest 12 - California 1
Saturday, April 7th, 2018 - OOTP Baseball 18.8 Build 76